Map: Lerilak Crest

Players

xKawaiian

  • Race: Terran Terran
  • League: Master

OhNoes - Winner!

  • Race: Zerg Zerg
  • League: Master

VOD

Have the link to the VOD?

Description

Time

  • Played on: Jan. 13, 2016, 3:50 p.m.
  • Length: 7:08
Show
View Real Time Build Order
Export as new Build Order

xKawaiian Terran 

Build Orders: Reaper Expand, MMM Bio 

Get SALT Encoding   

  12  0:00  SCV  
  13  0:13  SCV  
  14  0:17  Supply Depot  
  14  0:25  SCV  
  15  0:39  SCV  
  15  0:40  Barracks  
  16  0:47  Refinery  
  16  0:51  SCV  
  17  1:03  SCV  
  18  1:15  SCV  
  19  1:28  Orbital Command  
  19  1:29  Reaper  
  20  1:41  Command Center  
  20  1:52  Supply Depot  
  20  1:54  SCV  
  21  2:02  Barracks Reactor  
  21  2:06  SCV  
  21  2:08  Barracks  
  22  2:18  Barracks  
  22  2:19  SCV  
  23  2:31  SCV  
  24  2:40  Marine x2  
  24  2:44  SCV  
  27  2:55  Orbital Command  
  27  2:57  Marine x2  
  29  3:00  SCV, Barracks Tech Lab  
  30  3:06  Marine  
  31  3:15  Marine x2  
  33  3:21  Stimpack  
  33  3:23  Marine  
  33  3:24  Marine  
  35  3:33  Marine  
  37  3:36  SCV  
  37  3:39  Orbital Command  
  37  3:49  Bunker  
  37  3:50  Factory  
  37  3:51  Marine  
  37  3:52  Reaper  
  37  3:53  SCV  
  40  4:01  Marine x2  
  42  4:05  Supply Depot  
  42  4:09  Refinery  
  42  4:13  Marine  
  42  4:14  SCV  
  44  4:18  Marine  
  45  4:25  Reaper  
  45  4:26  Supply Depot, Reaper, SCV  
  48  4:38  Factory Reactor  
  48  4:39  SCV  
  48  4:40  SCV  
  50  4:46  Marine  
  50  4:47  Orbital Command  
  50  4:51  SCV  
  52  4:56  Marine  
  53  5:02  Starport  
  53  5:03  SCV  
  54  5:13  SCV  
  55  5:15  SCV, Marine  
  59  5:21  Hellion  
  59  5:23  Hellion  
  59  5:25  SCV  
  62  5:34  Supply Depot, Combat Shields, SCV  
  63  5:35  Barracks Reactor  
  63  5:39  Marine x2  
  65  5:46  SCV  
  65  5:48  SCV  
  67  5:50  Factory Reactor, Medivac  
  67  5:51  Marine  
  67  5:54  Refinery  
  67  5:56  Supply Depot  
  70  5:57  Supply Depot, Marine  
  70  5:59  Marine  
  70  6:01  SCV  
  54  6:13  Marine  
  54  6:14  Marauder  
  50  6:18  Marine  
  50  6:21  Marine  
  46  6:26  Marine  
  46  6:28  Widow Mine  
  46  6:31  Marine  
  46  6:32  SCV  
  50  6:35  Marauder  
  50  6:38  Marine, Medivac  
  55  6:48  SCV x2, Bunker  
Show
View Real Time Build Order
Export as new Build Order

OhNoes Zerg - Winner!

Build Orders: Hatch First 

Get SALT Encoding   

  12  0:01  Drone  
  13  0:12  Overlord  
  13  0:17  Drone  
  14  0:32  Drone x2  
  16  0:42  Drone  
  17  0:54  Hatchery  
  16  0:58  Drone  
  17  1:11  Spawning Pool  
  16  1:14  Extractor  
  16  1:17  Drone  
  16  1:21  Drone  
  17  1:26  Overlord  
  17  1:32  Drone  
  18  1:41  Drone  
  19  1:55  Drone  
  19  1:57  Queen  
  22  2:02  Zergling x2  
  22  2:07  Zergling x2  
  24  2:09  Queen  
  26  2:15  Metabolic Boost  
  26  2:18  Zergling x2  
  27  2:24  Zergling x2  
  27  2:26  Zergling x2  
  29  2:31  Zergling x2  
  29  2:33  Overlord  
  30  2:39  Zergling x2  
  31  2:44  Zergling x2  
  32  2:53  Spore Crawler  
  32  2:56  Zergling x4  
  34  3:03  Zergling x2  
  34  3:13  Zergling x4  
  34  3:14  Zergling x6  
  39  3:21  Drone x3  
  39  3:27  Roach Warren, Extractor  
  36  3:37  Zergling x6  
  38  3:42  Drone  
  38  3:44  Queen  
  41  3:53  Drone x3  
  41  3:55  Drone  
  44  3:57  Overlord  
  44  4:03  Overlord  
  44  4:14  Drone, Overlord  
  44  4:17  Drone x2  
  44  4:18  Drone x2  
  48  4:26  Drone x4  
  52  4:43  Hatchery  
  52  4:44  Zergling x2  
  52  4:45  Zergling x2  
  52  4:51  Overlord  
  53  4:53  Drone  
  53  4:59  Roach x2  
  58  5:03  Roach  
  58  5:04  Roach  
  62  5:08  Roach  
  62  5:12  Roach  
  62  5:13  Roach  
  68  5:17  Overlord  
  68  5:23  Lair  
  68  5:26  Roach  
  70  5:29  Roach  
  70  5:32  Overlord  
  70  5:35  Drone  
  74  5:42  Drone  
  74  5:44  Roach  
  74  5:46  Roach  
  74  5:48  Ravager  
  74  5:49  Spine Crawler, Zergling x2  
  79  5:52  Drone x2  
  81  5:58  Spore Crawler  
  80  6:09  Roach x4  
  68  6:26  Zergling x4  
  68  6:27  Zergling x18  
  68  6:32  Drone  
  80  6:34  Ravager  
  80  6:35  Ravager  
  80  6:38  Zergling x10  
  87  6:42  Drone  
  88  6:47  Zergling x4  
  88  6:51  Drone  
  88  6:52  Drone x2, Extractor  
Tags
 
Add a new tag
Caveats
  • Supply blocks, unpowered buildings, or Contaminate may cause inaccurate times.
  • Supply counts are checked every 10 seconds.